 Dungeon Crawl Stone Soup version 0.28.0-43-g3370ac3207 (webtiles) character file.

Game seed: 5487724125572313891

65 Peloso the Covered (level 3, -6/33 HPs)
             Began as a Minotaur Fighter on Feb 28, 2022.
             Mangled by a gnoll
             ... wielding a +0 halberd
              (11 damage)
             ... on level 3 of the Dungeon.
             The game lasted 00:02:31 (1625 turns).

Peloso the Covered (Minotaur Fighter)               Turns: 1625, Time: 00:02:32

Health: -6/33      AC:  7    Str: 20    XL:     3   Next: 94%
Magic:  2/2        EV:  9    Int:  5    God:
Gold:   91         SH:  4    Dex: 11    Spells: 2/2 levels left

rFire   . . .      SeeInvis +   a - +8 rapier of the Magi {venom, rN+ SInv Stlth+}
rCold   . . .      Faith    .   c - +0 buckler
rNeg    + . .      Spirit   .   b - +0 scale mail
rPois   .          Reflect  .   (helmet restricted)
rElec   .          Harm     .   (no cloak)
rCorr   .          Rampage  .   (no gloves)
Will    .....                   (no boots)
Stlth   +.........              (no amulet)
HPRegen 0.11/turn               (no ring)
MPRegen 0.08/turn               (no ring)

@: no status effects
A: horns 2, retaliatory headbutt
a: no special abilities


You were on level 3 of the Dungeon.
You visited 1 branch of the dungeon, and saw 3 of its levels.

You collected 91 gold pieces.

Inventory:

Hand Weapons
 a - the +8 rapier of the Magi (weapon) {venom, rN+ SInv Stlth+}
   (You found it on level 3 of the Dungeon)

   It poisons the flesh of those it strikes.
   rN:        It protects you from negative energy.
   SInv:      It lets you see invisible.
   Stlth:     It makes you more stealthy.
Armour
 b - a +0 scale mail (worn)
 c - a +0 buckler (worn)
Scrolls
 e - a scroll of holy word {unknown}
 f - a scroll of immolation {unknown}
 g - a scroll of identify {unknown}
 h - a scroll of teleportation {unknown}
Potions
 d - 2 potions of might
 i - 2 potions of haste {unknown}


   Skills:
 + Level 4.0 Fighting
 + Level 3.2 Long Blades
 + Level 4.7 Armour
 + Level 0.2 Stealth
 + Level 4.1 Shields


You had 2 spell levels left.
You didn't know any spells.
Your spell library contained the following spells:

 Spells                   Type           Power      Damage    Failure   Level
 Pain                     Necr           0%         1d4       88%         1
 Agony                    Necr           0%         N/A       100%        5
 Excruciating Wounds      Necr           0%         N/A       100%        5


Dungeon Overview and Level Annotations

Branches:
Dungeon (3/15)

Altars:

Shops:
D:2 !


Innate Abilities, Weirdness & Mutations

You have a pair of horns on your head.
You reflexively headbutt those who attack you in melee.


Message History

The ball python misses you. The ball python barely misses you.
You hit the hobgoblin.
You kill the hobgoblin!
The ball python barely misses you. The ball python closely misses you.
You see here a hobgoblin corpse.
The ball python bites you but does no damage.
The ball python grabs you. The ball python constricts you.
You escape the ball python's grasp.
Found an ancient rapier.
The ball python barely misses you. The ball python grabs you.
The ball python constricts you.
You escape the ball python's grasp.
Found a dagger.
You see here the +8 rapier of the Magi {venom, rN+ SInv Stlth+}.
You are now empty-handed.
You drop a +0 long sword.
You block the ball python's attack. The ball python grabs you.
The ball python constricts you.
a - the +8 rapier of the Magi {venom, rN+ SInv Stlth+} The ball python closely misses you.
The ball python constricts you.
The +8 rapier of the Magi {venom, rN+ SInv Stlth+} begins to drip with poison!
a - the +8 rapier of the Magi (weapon)
{venom, rN+ SInv Stlth+} Unknown command.
You puncture the ball python!
You kill the ball python!
You puncture the gnoll!
You kill the gnoll!
You hit the gnoll.
The gnoll is poisoned.
The gnoll is moderately wounded.
The gnoll hits you but does no damage.
You barely miss the gnoll.
The gnoll is moderately wounded.
The gnoll hits you from afar with a +0 halberd!
The gnoll closely misses you. The gnoll hits you with a +0 flail.
* * * LOW HITPOINT WARNING * * *
You see here a +0 flail.
You puncture the gnoll!
The gnoll is poisoned.
The gnoll is almost dead.
You block the gnoll's attack. The gnoll barely misses you.
You furiously retaliate!
You headbutt the gnoll, but do no damage.
The gnoll hits you with a +0 halberd!
You die...

###########
#########...†.)o.<.
#)@go.....#######..
#g######### #..
.... ### .......
#####.### #.# #.#
#.)


You could see 2 gnolls and an orc.

Vanquished Creatures
  An adder (D:2)
  2 gnolls (D:3)
  A worm (D:2)
  2 dart slugs
  3 bats
  3 endoplasms
  A giant cockroach (D:1)
  5 hobgoblins
  2 ball pythons
  5 frilled lizards
  4 goblins
  3 rats
32 creatures vanquished.

Notes
Turn   | Place    | Note
-------+----------+-------------------------------------------
     0 | D:1      | Peloso the Minotaur Fighter began the quest for the Orb.
     0 | D:1      | Reached XP level 1. HP: 19/19 MP: 0/0
   421 | D:1      | Reached XP level 2. HP: 27/27 MP: 1/1
   819 | D:2      | Reached XP level 3. HP: 31/33 MP: 2/2
   989 | D:2      | Found Awomu's Distillery.
  1083 | D:2      | Found a faded altar of an unknown god.
  1616 | D:3      | Identified the +8 rapier of the Magi {venom, rN+ SInv
                  | Stlth+}
  1625 | D:3      | Mangled by a gnoll

Illustrated notes

Levels and vault maps discovered:
D:1:      dpeg_arrival_orchard, layout_loops_corners
D:2:      layout_basic, serial_shops, nicolae_square_shop,
          dreamdust_ecumenical_altar_angels_and_demons,
          chequers_serial_rivers_small_a, grunt_decor_junction
D:3:      layout_loops_ring, uniq_sigmund

Skill      XL: |  1  2  3 |
---------------+----------+-----
Armour         | 4 |  4.7
Shields        | 4 |  4.1
Fighting       | 4 |  4.0
Long Blades    | 3 |  3.2
Stealth        | |  0.2

Action                   || total
-------------------------++-------
Melee: Long sword        ||    55
       Headbutt          ||     5
       Rapier            ||     5
Armor: Scale mail        ||    24
Dodge: Dodged            ||    28
Block: Buckler           ||    19
